 Dungeon Crawl Stone Soup version 0.24.1-14-gf8d2b509d9 (webtiles) character file.

Game seed: 5457913539929780603, levelgen mode: deterministic

9764 Tiareth the Thaumaturge (level 11, -2/54 HPs)
             Began as a Deep Elf Wizard on June 16, 2022.
             Was an Elder of Cheibriados.
             Slain by Fannar the redback (14 damage)
             ... on level 10 of the Dungeon.
             The game lasted 01:01:01 (13419 turns).

Tiareth the Thaumaturge (Deep Elf Wizard)          Turns: 13419, Time: 01:01:02

Health: -2/54      AC:  6    Str: 13    XL:     11   Next: 27%
Magic:  2/26       EV: 17    Int: 41    God:    Cheibriados [****..]
Gold:   289        SH:  0    Dex: 26    Spells: 3/29 levels left

rFire    + . .     SeeInvis .   c - +2 short sword
rCold    . . .     Gourm    .   (no shield)
rNeg     . . .     Faith    .   t - +1 leather armour {rF+}
rPois    .         Spirit   .   D - +0 hat
rElec    .         Reflect  +   (no cloak)
rCorr    .         Harm     .   Q - +0 pair of gloves
MR       +....                  w - +0 pair of boots
Stlth    +.........             i - +4 amulet of reflection
HPRegen  0.18/turn              G - +5 ring of intelligence
MPRegen  0.20/turn              S - +4 ring of dexterity

@: confused, very slow
A: no striking features
a: Bend Time, Temporal Distortion, Slouch, Renounce Religion


You were on level 10 of the Dungeon.
You worshipped Cheibriados.
Cheibriados was greatly pleased with you.
You were not hungry.

You visited 2 branches of the dungeon, and saw 11 of its levels.

You collected 569 gold pieces.
You spent 280 gold pieces at shops.

Inventory:

Hand Weapons
 a - the +6 spear "Rutyisal" {vamp, Str+4}
   (You found it on level 7 of the Dungeon)

   It inflicts no extra harm, but heals its wielder when it wounds a living foe.
   It affects your strength (+4).
 b - a +0 hunting sling
 c - a +2 short sword (weapon)
 z - a +3 quarterstaff of crushing
 R - the +10 battleaxe "Yhuovvab" {freeze, +Inv}
   (You found it on level 10 of the Dungeon)

   It has been specially enchanted to freeze those struck by it, causing extra
   injury to most foes and up to half again as much damage against particularly
   susceptible opponents.
   It can also slow down cold-blooded creatures.
   It lets you turn invisible.
Missiles
 f - 76 sling bullets
 h - 200 stones (quivered)
 r - 7 javelins
 x - 17 boomerangs
 J - 18 poisoned darts
Armour
 e - a +0 robe of cold resistance
 t - a +1 leather armour of fire resistance (worn)
 w - a +0 pair of boots (worn)
 D - a +0 hat (worn)
 Q - a +0 pair of gloves (worn)
Magical Staves
 F - an uncursed staff of cold
Jewellery
 i - a +4 amulet of reflection (around neck)
 q - a +2 ring of intelligence
 y - an uncursed ring of see invisible
 G - a +5 ring of intelligence (left hand)
 S - a +4 ring of dexterity (right hand)
Wands
 H - a wand of clouds (5)
 L - a wand of iceblast (8)
 N - a wand of polymorph (14)
Scrolls
 g - 5 scrolls of teleportation
 k - 2 scrolls of remove curse
 u - 2 scrolls of random uselessness {unknown}
 v - a scroll of summoning {unknown}
 A - a scroll of fear {unknown}
 C - a scroll of magic mapping {unknown}
 E - a scroll of immolation
 I - a scroll of blinking {unknown}
 M - a scroll of brand weapon
Potions
 j - a potion of agility {unknown}
 l - 3 potions of might
 m - 3 potions of heal wounds
 n - 6 potions of curing
 o - 2 potions of flight {unknown}
 p - 2 potions of brilliance {unknown}
 s - 3 potions of lignification
 K - a potion of cancellation
 P - a potion of resistance {unknown}
Comestibles
 d - 18 rations


   Skills:
 - Level 3.0 Short Blades
 + Level 2.3 Staves
 - Level 3.0 Throwing
 - Level 6.1 Dodging
 - Level 6.0 Stealth
 + Level 9.6 Spellcasting
 + Level 6.2 Conjurations
 - Level 6.0 Hexes
 + Level 5.6 Summonings
 - Level 3.1 Translocations
 - Level 3.1 Fire Magic
 + Level 1.0 Ice Magic
 * Level 6.6 Air Magic
 - Level 3.0 Poison Magic
 + Level 5.0 Invocations
 + Level 5.3 Evocations


You had 3 spell levels left.
You knew the following spells:

 Your Spells              Type           Power        Failure   Level  Hunger
a - Magic Dart            Conj           ####         1%          1    None
b - Mephitic Cloud        Conj/Pois/Air  ######..     1%          3    None
c - Call Imp              Summ           ######..     1%          2    None
d - Lightning Bolt        Conj/Air       ######....   4%          5    #......
e - Blink                 Tloc           N/A          1%          2    None
f - Conjure Flame         Conj/Fire      ######..     1%          3    None
s - Slow                  Hex            ######..     1%          2    None
t - Throw Icicle          Conj/Ice       #####...     4%          4    None
A - Airstrike             Air            ######....   1%          4    None

Your spell library contained the following spells:

 Spells                   Type           Power        Failure   Level  Hunger
 Freeze                   Ice            ####         1%          1    None
 Shock                    Conj/Air       ####         1%          1    None
 Swiftness                Chrm/Air       #####...     1%          2    None
 Throw Frost              Conj/Ice       #####.       1%          2    None
 Static Discharge         Conj/Air       ######..     1%          3    None
 Ozocubu's Armour         Chrm/Ice       ###.....     5%          3    None
 Summon Ice Beast         Ice/Summ       #####...     5%          4    None


Dungeon Overview and Level Annotations

Branches:
Dungeon (10/15)            Temple (1/1) D:5
   Lair: D:8-11         Orc: D:9-12

Altars:
Ashenzari
Cheibriados
Dithmenos
Elyvilon
Fedhas
Gozag
Hepliaklqana
Kikubaaqudgha
Makhleb
Nemelex Xobeh
Okawaru
Qazlal
Ru
Sif Muna
Trog
Uskayaw
Vehumet
Wu Jian
Xom
Yredelemnul
Zin
The Shining One

Shops:
D:7 !

Annotations:
D:10 Fannar


Message History

Fannar poisons you!
Fannar is engulfed in noxious fumes.
Fannar appears confused.
Fannar closely misses you.
You feel better.
You are engulfed in noxious fumes.
You choke on the stench!
You are confused.
Cheibriados thoroughly appreciates the change of pace.
Reactivating autopickup.
Your Ice Magic skill increases to level 1!
You feel a bit more experienced.
Fannar is engulfed in noxious fumes.
The centaur skeleton is engulfed in blazing flames.
The centaur skeleton barely misses you.
You are engulfed in noxious fumes.
You choke on the stench!
You are more confused.
* * * LOW HITPOINT WARNING * * *
The centaur skeleton is engulfed in blazing flames.
The centaur skeleton hits you.
* * * LOW HITPOINT WARNING * * *
Unknown command.
Are you sure you want to stumble around while confused and next to your white imp?
Fannar seems less confused.
Fannar bites you!
You die...

##...........## ..
.. #.............#
##.............###
...⌠.....)...⌠...
.#..^...|......#.
#.............#
##...........##
##...°.☼...##
##..☼☼5@.##
##.§☼☼s## ###Z###
#..# ###|#######
#.........#
#.........#
.............#
....###.....##


You could see Fannar the redback, a centaur skeleton and a friendly white imp.

Vanquished Creatures
  A frost giant (D:10)
  A two-headed ogre (D:9)
  An unseen horror (D:10)
  2 rime drakes (D:10)
  Prince Ribbit (D:5)
  A hippogriff (D:8)
  A wyvern (D:9)
  A spriggan (D:10)
  6 yaks (D:10)
  A human (D:9)
  A hungry ghost (D:7)
  Menkaure (D:4)
  A water moccasin (D:9)
  3 orc warriors
  2 sky beasts
  6 ice beasts
  2 phantoms
  2 necrophages
  7 ogres
  2 centaurs (D:8)
  7 bullfrogs
  A wyvern zombie (D:9)
  5 scorpions
  3 killer bees (D:8)
  3 wights
  6 howler monkeys
  A centaur zombie (D:7)
  4 crimson imps
  A bullfrog zombie (D:9)
  A quasit (D:9)
  5 hounds
  2 jellies (D:8)
  6 orc wizards
  An orc priest (D:10)
  3 centaur skeletons
  7 worker ants
  3 iguanas
  2 killer bee zombies
  A hound zombie (D:7)
  7 gnolls
  3 howler monkey skeletons
  11 adders
  3 shadow imps
  2 worms (D:2)
  5 dart slugs
  9 leopard geckos
  33 orcs
  2 ball pythons (D:3)
  7 giant cockroaches
  10 goblins
  8 hobgoblins
  6 jackals
  A quokka (D:6)
  3 bats
  6 frilled lizards
  8 kobolds
  A leopard gecko skeleton (D:9)
  2 quokka skeletons
  A quokka zombie (D:6)
  10 rats
243 creatures vanquished.

Vanquished Creatures (collateral kills)
  2 killer bees (D:8)
  A wight (D:7)
  A howler monkey zombie (D:6)
  2 adders
  An orc (D:6)
  2 jackals (D:4)
9 creatures vanquished.

Grand Total: 252 creatures vanquished

Notes
Turn   | Place    | Note
-------+----------+-------------------------------------------
     0 | D:1      | Tiareth the Deep Elf Wizard began the quest for the Orb.
     0 | D:1      | Reached XP level 1. HP: 10/10 MP: 7/7
   150 | D:1      | Reached skill level 5 in Spellcasting
   251 | D:1      | Reached XP level 2. HP: 14/15 MP: 3/10
   255 | D:1      | Learned a level 2 spell: Blink
   258 | D:1      | Learned a level 2 spell: Call Imp
   261 | D:1      | Learned a level 2 spell: Slow
   827 | D:1      | Reached XP level 3. HP: 10/19 MP: 8/12
   832 | D:1      | Learned a level 3 spell: Conjure Flame
   836 | D:1      | Learned a level 3 spell: Mephitic Cloud
  1130 | D:2      | Reached skill level 6 in Spellcasting
  1591 | D:2      | Reached XP level 4. HP: 15/24 MP: 4/14
  2186 | D:3      | Reached skill level 1 in Hexes
  2457 | D:2      | Reached skill level 1 in Fire Magic
  2457 | D:2      | Reached skill level 1 in Air Magic
  2457 | D:2      | Reached skill level 1 in Poison Magic
  2457 | D:2      | Reached XP level 5. HP: 12/28 MP: 4/15
  3383 | D:4      | Found a white marble altar of Elyvilon.
  3564 | D:4      | Reached XP level 6. HP: 32/32 MP: 9/17
  3670 | D:4      | Noticed Menkaure
  3686 | D:4      | Killed Menkaure
  4598 | D:5      | Entered Level 5 of the Dungeon
  4781 | D:5      | Reached XP level 7. HP: 36/36 MP: 6/18
  5863 | D:5      | Reached skill level 7 in Spellcasting
  5893 | D:5      | Noticed Prince Ribbit
  5905 | D:5      | Killed Prince Ribbit
  5905 | D:5      | Reached skill level 1 in Short Blades
  5905 | D:5      | Reached skill level 1 in Throwing
  5905 | D:5      | Reached skill level 1 in Evocations
  5905 | D:5      | Reached XP level 8. HP: 3/41 MP: 0/20
  6739 | D:5      | Found a staircase to the Ecumenical Temple.
  6748 | Temple   | Entered the Ecumenical Temple
  6840 | Temple   | Became a worshipper of Cheibriados the Contemplative
  7236 | D:6      | Reached skill level 1 in Invocations
  7257 | D:6      | HP: 2/41 [poisoned by an adder]
  7263 | D:6      | HP: 1/41 [poisoned by an adder]
  7721 | D:6      | Found a bloodstained altar of Trog.
  8252 | D:7      | Reached * piety under Cheibriados
  8285 | D:7      | Reached XP level 9. HP: 45/45 MP: 2/22
  8413 | D:7      | Found Meap's Distillery.
  8417 | D:7      | Bought a potion of heal wounds for 70 gold pieces
  8417 | D:7      | Bought a potion of lignification for 42 gold pieces
  8417 | D:7      | Bought a potion of curing for 42 gold pieces
  8417 | D:7      | Bought a potion of cancellation for 112 gold pieces
  8417 | D:7      | Bought a potion of degeneration for 14 gold pieces
  8773 | D:7      | Got a polished spear
  8774 | D:7      | Identified the +6 spear "Rutyisal" {vamp, Str+4} (You found
                  | it on level 7 of the Dungeon)
  8788 | D:7      | Reached skill level 8 in Spellcasting
  8949 | D:7      | Learned a level 4 spell: Airstrike
  8955 | D:7      | Learned a level 5 spell: Lightning Bolt
  9105 | D:7      | Found a stormy altar of Qazlal.
  9660 | D:8      | Reached ** piety under Cheibriados
  9943 | D:7      | Reached skill level 5 in Stealth
 10855 | D:9      | Reached *** piety under Cheibriados
 10855 | D:9      | Reached skill level 5 in Dodging
 10855 | D:9      | Reached XP level 10. HP: 50/50 MP: 3/24
 11136 | D:9      | Reached skill level 5 in Hexes
 11214 | D:9      | Reached skill level 5 in Conjurations
 11259 | D:9      | Noticed a two-headed ogre
 11272 | D:9      | Killed a two-headed ogre
 11751 | D:9      | Reached skill level 5 in Air Magic
 12496 | D:10     | Entered Level 10 of the Dungeon
 12625 | D:10     | Reached skill level 9 in Spellcasting
 12694 | D:10     | Reached skill level 5 in Summonings
 12751 | D:10     | Reached **** piety under Cheibriados
 12780 | D:10     | Reached skill level 1 in Staves
 13107 | D:10     | Noticed a frost giant
 13124 | D:10     | Killed a frost giant
 13124 | D:10     | Reached skill level 5 in Evocations
 13124 | D:10     | Reached XP level 11. HP: 36/54 MP: 14/26
 13260 | D:10     | Learned a level 4 spell: Throw Icicle
 13264 | D:10     | Got the battleaxe "Yhuovvab" {freeze}
 13265 | D:10     | Identified the +10 battleaxe "Yhuovvab" {freeze, +Inv} (You
                  | found it on level 10 of the Dungeon)
 13330 | D:10     | Reached skill level 5 in Invocations
 13384 | D:10     | Noticed Fannar
 13404 | D:10     | Noticed Fannar
 13404 | D:10     | Fannar changed into Fannar the redback
 13417 | D:10     | Killed an unseen horror
 13417 | D:10     | Reached skill level 1 in Ice Magic
 13419 | D:10     | Slain by Fannar the redback

Levels and vault maps discovered:
D:1:      dpeg_arrival_tiny_d, layout_basic, minmay_tall_x
D:2:      layout_basic
D:3:      layout_basic, first_ration, nrook_mini_backslash
D:4:      layout_gridville, kennysheep_mini_moat, uniq_menkaure
D:5:      layout_basic, minmay_temple_entry_poolview, uniq_prince_ribbit1
D:6:      layout_layer_cave, hangedman_decor_opposing, bloody_trog
D:7:      layout_basic, serial_shops, shop, nicolae_qazlal_style_of_elements
D:8:      layout_cave_pools
D:9:      layout_layer_cave
D:10:     minmay_coctagon, layout_basic, the_bakery, uniq_fannar
Temple:   dpeg_three_leaves_temple

Skill      XL: |  1  2  3  4  5  6  7  8  9 10 11 |
---------------+----------------------------------+-----
Spellcasting   | 5 6 7 8 9 |  9.6
Hexes          | 1 2 3 4 6 |  6.0
Fire Magic     | 1 2 3 |  3.1
Air Magic      | 1 2 3 4 6 |  6.6
Poison Magic   | 1 2 3 |  3.0
Stealth        | 3 4 5 6 |  6.0
Dodging        | 3 4 5 6 |  6.1
Conjurations   | 2 3 4 6 |  6.2
Translocations | 2 3 |  3.1
Summonings     | 2 3 4 5 |  5.6
Short Blades   | 1 2 3 |  3.0
Throwing       | 1 2 3 |  3.0
Evocations     | 1 2 3 5 |  5.3
Invocations    | 1 3 4 5 |  5.0
Staves         | 1 2 |  2.3
Ice Magic      | 1 |  1.0

Action                   |  1- 3 |  4- 6 |  7- 9 | 10-12 || total
-------------------------+-------+-------+-------+-------++-------
Melee: Unarmed           |     2 |       |       |       ||     2
       Dagger            |     9 |    35 |    75 |       ||   119
       Spear             |       |       |   105 |   136 ||   241
       Battleaxe         |       |       |       |     4 ||     4
       Short sword       |       |       |       |     1 ||     1
 Fire: Hunting sling     |       |       |     4 |    11 ||    15
Throw: Stone             |       |       |     7 |     2 ||     9
       Boomerang         |       |       |     1 |       ||     1
 Cast: Magic Dart        |    97 |   119 |   173 |    65 ||   454
       Mephitic Cloud    |     2 |    14 |    46 |    20 ||    82
       Conjure Flame     |     1 |    12 |    51 |    30 ||    94
       Call Imp          |       |     7 |     9 |     4 ||    20
       Blink             |       |     4 |     9 |     4 ||    17
       Slow              |       |     1 |     9 |     9 ||    19
       Airstrike         |       |       |       |     3 ||     3
       Lightning Bolt    |       |       |       |     1 ||     1
       Throw Icicle      |       |       |       |     2 ||     2
Evoke: Wand              |       |       |     2 |     4 ||     6
  Use: Scroll            |       |       |       |    13 ||    13
       Potion            |       |       |       |     2 ||     2
 Stab: Sleeping          |     2 |     4 |     1 |     2 ||     9
       Confused          |     2 |     2 |    10 |     8 ||    22
       Distracted        |       |       |     1 |       ||     1
  Eat: Chunk             |     2 |     9 |    14 |     4 ||    29
       Ration            |       |       |     1 |       ||     1
Armor: Robe              |     1 |     2 |       |     5 ||     8
       Leather armour    |       |     5 |    34 |    13 ||    52
       Skin              |       |       |       |     1 ||     1
Dodge: Dodged            |    16 |    31 |    96 |    49 ||   192
Block: Other             |       |       |       |    11 ||    11
